 Dungeon Crawl Stone Soup version 0.29.1-13-g9f3cf754e1 (webtiles) character file.

Game seed: 9720684014776968811

666 hbarley the Chopper (level 7, -1/61 HPs)
             Began as a Hill Orc Fighter on Jan 31, 2023.
             Slain by a kobold brigand
             ... wielding a +0 whip
              (7 damage)
             ... on level 5 of the Dungeon.
             The game lasted 00:10:34 (3942 turns).

hbarley the Chopper (Hill Orc Fighter)              Turns: 3942, Time: 00:10:35

Health: -1/61      AC: 10    Str: 19    XL:     7   Next: 57%
Magic:  7/7        EV:  9    Int:  8    God:
Gold:   367        SH: 10    Dex: 12    Spells: 6/6 levels left

rFire   . . .      SeeInvis .   a - +0 war axe
rCold   . . .      Faith    .   c - +0 buckler
rNeg    . . .      Spirit   .   b - +0 scale mail
rPois   +          Reflect  +   (no helmet)
rElec   .          Harm     .   (no cloak)
rCorr   .          Rampage  .   k - +2 pair of gloves {hurl}
Will    .....                   (no boots)
Stlth   ..........              q - amulet of reflection
HPRegen 0.20/turn               h - ring of poison resistance
MPRegen 0.10/turn               (no ring)

@: no status effects
A: no striking features
a: no special abilities


You were on level 5 of the Dungeon.
You visited 1 branch of the dungeon, and saw 6 of its levels.

You collected 393 gold pieces.
You spent 26 gold pieces at shops.

Inventory:

Hand Weapons
 a - a +0 war axe (weapon)
Armour
 b - a +0 scale mail (worn)
 c - a +0 buckler (worn)
 k - a +2 pair of gloves of hurling (worn)
Magical Staves
 t - a staff of conjuration
Jewellery
 h - a ring of poison resistance (left hand)
 p - a ring of fire
 q - an amulet of reflection (around neck)
 r - a ring of willpower
 y - a +4 ring of evasion
 z - a ring of wizardry
Scrolls
 e - 6 scrolls of identify
 f - a scroll of enchant weapon {unknown}
 g - 4 scrolls of magic mapping {unknown}
 i - a scroll of amnesia {unknown}
 j - 2 scrolls of fear {unknown}
 n - a scroll of torment {unknown}
 v - a scroll of teleportation {unknown}
 w - a scroll of vulnerability {unknown}
 A - a scroll of blinking {unknown}
Potions
 d - a potion of might
 l - 2 potions of heal wounds {unknown}
 m - 4 potions of curing {unknown}
 o - a potion of resistance {unknown}
 s - 3 potions of berserk rage {unknown}
 u - a potion of magic {unknown}
 x - a potion of cancellation {unknown}


   Skills:
 + Level 5.1 Fighting
 + Level 7.7 Axes
 + Level 4.8 Armour
 + Level 1.3 Dodging
 + Level 0.1 Stealth
 + Level 4.6 Shields


You had 6 spell levels left.
You didn't know any spells.
Your spell library contained the following spells:

 Spells                   Type           Power      Damage    Failure   Level
 Gell's Gravitas          Tloc           0%         N/A       99%         3
 Lesser Beckoning         Tloc           0%         N/A       99%         3
 Teleport Other           Tloc           0%         N/A       99%         3


Dungeon Overview and Level Annotations

Branches:
Dungeon (6/15)
 Temple: D:4-7

Altars:

Shops:
D:2 ?=   D:4 !   D:5 (   D:6 *

Portals:
Abyss: D:3

Annotations:
D:3 2 transporters, Thatpatchoflichen's ghost, amateur OgFi


Message History

You closely miss the water moccasin.
You feel sick. The water moccasin bites you.
* * * LOW HITPOINT WARNING * * *
You block the kobold brigand's attack. The water moccasin closely misses you.
You closely miss the kobold brigand.
The kobold brigand is heavily wounded.
You closely miss the water moccasin.
You feel sick. You block the water moccasin's attack.
The kobold brigand hits you with a +0 whip.
* * * LOW HITPOINT WARNING * * *
You slash the kobold brigand!
The kobold brigand is almost dead.
You miss the water moccasin.
You feel sick.
You are no longer poisoned.
The water moccasin barely misses you.
The kobold brigand hits you but does no damage.
The water moccasin bites you but does no damage.
You barely miss the kobold brigand.
The kobold brigand is almost dead.
You barely miss the water moccasin.
The water moccasin bites you but does no damage.
The kobold brigand hits you but does no damage.
You block the water moccasin's attack.
The kobold brigand hits you with a +0 whip.
* * * LOW HITPOINT WARNING * * *
You miss the kobold brigand.
The kobold brigand is severely wounded.
You slash the water moccasin! You block the water moccasin's attack.
The kobold brigand barely misses you.
You closely miss the kobold brigand.
The kobold brigand is severely wounded.
You miss the water moccasin. The water moccasin closely misses you.
You block the kobold brigand's attack.
The water moccasin bites you but does no damage.
You closely miss the kobold brigand.
The kobold brigand is severely wounded.
You hit the water moccasin but do no damage.
The water moccasin closely misses you.
The kobold brigand hits you with a +0 whip!
You die...

.......# ......###
........#####
.#.##..##...##
.####..##....### .#
##..#......#
.#####..##.....###
.#...............#
......#........S@##
......#........)K†#
...##............###
...#.......##......#
...........#.....###
...#..............#
........#........###
..#..#.##..........#
#..#........###..###


You could see a water moccasin and a kobold brigand.

Vanquished Creatures
  A phantom (D:4)
  A bullfrog (D:5)
  Blork the orc (D:4)
  A necrophage (D:5)
  2 scorpions
  2 iguanas (D:5)
  An orc wizard (D:4)
  Robin (D:4)
  3 gnolls (D:5)
  7 adders
  An ufetubus (D:5)
  4 worms (D:2)
  10 orcs (D:4)
  5 ball pythons
  3 endoplasms
  5 giant cockroaches
  14 goblins
  7 hobgoblins
  4 jackals (D:2)
  8 kobolds
  3 quokkas
  2 bats
  A frilled lizard (D:3)
  4 rats
91 creatures vanquished.

Notes
Turn   | Place    | Note
-------+----------+-------------------------------------------
     0 | D:1      | hbarley the Hill Orc Fighter began the quest for the Orb.
     0 | D:1      | Reached XP level 1. HP: 19/19 MP: 1/1
   302 | D:1      | Found a faded altar of an unknown god.
   351 | D:1      | Reached XP level 2. HP: 27/27 MP: 2/2
   873 | D:2      | Reached skill level 3 in Axes
   952 | D:2      | Reached XP level 3. HP: 26/33 MP: 3/3
  1215 | D:2      | Found Zabbauqe's Jewellery Shop.
  1472 | D:2      | Found Hero's Magic Scroll Boutique.
  1485 | D:2      | Bought a scroll of identify for 26 gold pieces
  1710 | D:3      | Noticed a small abomination
  1860 | D:3      | Found a transporter.
  1868 | D:3      | Reached XP level 4. HP: 40/40 MP: 4/4
  1998 | D:3      | Found a one-way gate to the infinite horrors of the Abyss.
  1998 | D:3      | Noticed Thatpatchoflichen's ghost (amateur OgFi)
  2016 | D:3      | Noticed a small abomination
  2035 | D:3      | Reached skill level 4 in Axes
  2430 | D:3      | Found a transporter.
  2678 | D:4      | Noticed a scorpion
  2697 | D:3      | Killed a scorpion
  2698 | D:3      | Reached skill level 5 in Axes
  2698 | D:3      | Reached XP level 5. HP: 45/46 MP: 5/5
  2713 | D:4      | Found Buqoso's Distillery.
  2773 | D:4      | Noticed Blork the orc
  2782 | D:4      | Killed Blork the orc
  2945 | D:4      | Reached XP level 6. HP: 53/53 MP: 6/6
  2954 | D:4      | Noticed Robin
  2976 | D:4      | Killed Robin
  3044 | D:4      | Reached skill level 6 in Axes
  3068 | D:4      | You fall into a shaft and drop 1 floor!
  3068 | D:5      | Entered Level 5 of the Dungeon
  3246 | D:5      | Found Esoikk's Weapon Shoppe.
  3262 | D:5      | Reached skill level 1 in Dodging
  3318 | D:5      | Reached XP level 7. HP: 43/60 MP: 7/7
  3327 | D:5      | Reached skill level 5 in Fighting
  3327 | D:5      | Reached skill level 7 in Axes
  3910 | D:6      | Found Vamoku Qeihe's Assorted Antiques.
  3942 | D:5      | Slain by a kobold brigand

Illustrated notes

Levels and vault maps discovered:
D:1:      eino_arrival_water_star, layout_basic, basic_ecumenical_altar,
          hangedman_abyss_or_decor_stabs, kennysheep_crisscross,
          minmay_misc_feat_pillars, minmay_strange_pillars,
          chequers_serial_rivers_large_a, fountainhead, solitary_fountain
D:2:      wad_pebble_path, layout_basic, serial_shops, nicolae_shop_waterfront,
          shop, chequers_serial_rivers_large_b
D:3:      layout_basic, gammafunk_ghost_abyssal_escape, grunt_decor_resistance
D:4:      layout_rooms, serial_shops, shop, uniq_blork_the_orc, uniq_robin
D:5:      layout_cave_pools, serial_shops, nicolae_square_shop
D:6:      layout_rooms, nemelex_diamond_rough_becter,
          minmay_temple_entry_poolview, serial_shops,
          nicolae_shop_competitors_out_of_business, ebering_ghost_xom

Skill      XL: |  1  2  3  4  5  6  7 |
---------------+----------------------+-----
Axes           | 3 5 6 7 |  7.7
Fighting       | 4 5 |  5.1
Armour         | 4 |  4.8
Shields        | 4 |  4.6
Dodging        | 1 |  1.3
Stealth        | |  0.1

Action                   |  1- 3 |  4- 6 |  7- 9 || total
-------------------------+-------+-------+-------++-------
Melee: War axe           |    91 |   142 |    57 ||   290
Armor: Scale mail        |    38 |    59 |    32 ||   129
Dodge: Dodged            |    45 |    53 |    35 ||   133
Block: Buckler           |    18 |    65 |    41 ||   124
